 Dungeon Crawl Stone Soup version bcrawl-1.19.2-6-g6a88ae04c9 (webtiles) character file.

Game seed: 17858400360565766148

2714 Mrkan the Grappler (level 9, 0/89 HPs)
             Began as a Troll Fighter on Dec 24, 2019.
             Was a Follower of Makhleb.
             Killed by divine providence
             ... invoked by an orc priest
              (15 damage)
             ... on level 7 of the Dungeon.
             The game lasted 00:12:56 (4922 turns).

Mrkan the Grappler (Troll Fighter)                  Turns: 4922, Time: 00:12:56

Health: 0/89       AC: 11    Str: 26    XL:     9   Next: 39%
Magic:  11/11      EV:  7    Int:  8    God:    Makhleb [*.....]
Gold:   94         SH:  9    Dex:  9    Spells: 8/8 levels left

rFire    . . .     SeeInvis +     - Unarmed
rCold    + . .     Gourm    +   D - +1 shield {AC+3}
rNeg     . . .     Faith    .   (armour unavailable)
rPois    .         Spirit   .   (helmet restricted)
rElec    .         Reflect  .   C - scarf {repulsion}
rCorr    .         Harm     .   (gloves unavailable)
MR       .....                  (boots unavailable)
Stlth    +.........             x - amulet of magic regeneration
HPRegen  0.64/turn              n - ring of see invisible
MPRegen  0.37/turn              t - ring of protection from cold

@: lightly drained, repel missiles
A: large, almost no armour, unfitting armour, claws 3, fast metabolism 3,
gourmand, regeneration 1, AC +8
a: Renounce Religion


You were on level 7 of the Dungeon.
You worshipped Makhleb.
Makhleb was aware of your devotion.
You were full.

You visited 1 branch of the dungeon, and saw 7 of its levels.

You collected 559 gold pieces.
You spent 465 gold pieces at shops.

Inventory:

Missiles
 p - 63 large rocks (quivered)
Armour
 C - a scarf of repulsion (worn)
 D - a +1 shield of protection (worn)
Jewellery
 k - an uncursed ring of insulation
 n - a ring of see invisible (left claw)
 t - a ring of protection from cold (right claw)
 x - an amulet of magic regeneration (around neck)
Wands
 i - a wand of acid (8)
 o - a wand of disintegration (11)
Scrolls
 d - 6 scrolls of remove curse {unknown}
 e - 2 scrolls of blinking {unknown}
 f - 4 scrolls of fog {unknown}
 m - a scroll of noise {unknown}
 q - 5 scrolls of identify {unknown}
 u - 3 scrolls of teleportation {unknown}
 y - a scroll of amnesia {unknown}
 z - a scroll of enchant weapon {unknown}
 A - a scroll of magic mapping {unknown}
 B - 2 scrolls of enchant armour {unknown}
Potions
 b - 3 potions of might
 g - a potion of degeneration {unknown}
 h - a potion of brilliance {unknown}
 j - 3 potions of curing {unknown}
 l - a potion of agility {unknown}
 r - 3 potions of heal wounds {unknown}
 s - a potion of cancellation {unknown}
 w - a potion of berserk rage {unknown}
Comestibles
 c - 16 rations {!d}


   Skills:
 + Level 6.1(5.6) Fighting
 - Level 2.4(1.9) Dodging
 - Level 2.0(1.5) Shields
 * Level 9.9(9.3) Unarmed Combat
 + Level 5.0(4.5) Invocations


You had 8 spell levels left.
You didn't know any spells.
Your spell library was empty.

Dungeon Overview and Level Annotations

Branches:
Dungeon (7/12)
 Temple: D:4-7         Lair: D:7-9

Altars:
Ashenzari
Elyvilon
Gozag
Kikubaaqudgha
Lugonu
Makhleb
Nemelex Xobeh

Shops:
D:4 (   D:5 [


Innate Abilities, Weirdness & Mutations

You cannot wear most types of armour.
Your thick skin is tough. (AC +8)
You are too large for most types of armour.
You have claws for hands.
Your metabolism is lightning-fast.
You like to eat raw meat.
Your natural rate of healing is unusually fast.


Message History

The orc warrior hits you with a +0 hand axe!
* * * LOW HITPOINT WARNING * * *
You mangle the orc wizard!!
You kill the orc wizard!
Makhleb accepts your kill.
You feel better.
Things that are here:
a +0 dagger; a +0 robe You block the orc warrior's attack.
You block the orc warrior's attack.
The orc priest invokes the aid of Beogh against you.
Beogh smites you!
* * * LOW HITPOINT WARNING * * *
You mangle the orc warrior!!
You kill the orc warrior!
Makhleb accepts your kill.
Your base Invocations skill increases to level 5!
The orc priest invokes the aid of Beogh against you.
Beogh smites you!
You die...

#......'..........
#.
#......###########
....###.#######
#######
...............
.......
..#..##.##.####
####### ## #.# #
#.# #.# .!## #@#
?.... #o#
...#..#o# .....#.#
...#Z# #.#.# #.o.#
#...# #..†#


You could see an orc priest, an orc wizard (invisible), an orc and a water
moccasin skeleton.

Vanquished Creatures
  A centaur zombie (D:5)
  Prince Ribbit (D:5)
  Sigmund (D:3)
  Eustachio (D:6)
  An acid dragon (D:5)
  Duvessa (D:5)
  An orc warrior (D:7)
  A sky beast (D:7)
  A black bear (D:7)
  A phantom (D:6)
  2 centaurs (D:5)
  A bullfrog (D:3)
  Dowan (D:5)
  A scorpion (D:7)
  5 wights (D:6)
  3 howler monkeys (D:5)
  3 crimson imps
  Crazy Yiuf (D:6)
  An orc priest (D:3)
  A jelly (D:6)
  2 hounds
  2 iguanas (D:5)
  3 worker ants
  2 orc wizards
  Robin (D:2)
  A worker ant zombie (D:5)
  10 adders
  2 shadow imps (D:6)
  3 worms
  3 dart slugs
  7 leopard geckos
  16 orcs
  9 bats
  9 giant cockroaches
  12 hobgoblins
  11 jackals
  3 kobolds
  3 quokkas
  2 ball pythons
  6 frilled lizards
  13 goblins
  5 rats
  2 fungi (D:6)
156 creatures vanquished.

Notes
Turn   | Place    | Note
-------+----------+-------------------------------------------
     0 | D:1      | Mrkan the Troll Fighter began the quest for the Orb.
     0 | D:1      | Reached XP level 1. HP: 22/22 MP: 0/0
   167 | D:1      | Reached XP level 2. HP: 18/29 MP: 1/1
   600 | D:1      | Reached skill level 3 in Unarmed Combat
   732 | D:1      | Reached XP level 3. HP: 33/36 MP: 2/2
  1260 | D:2      | Found an ancient bone altar of Kikubaaqudgha.
  1406 | D:2      | Gained mutation: Your natural rate of healing is unusually
                  | fast. [Troll growth]
  1406 | D:2      | Reached XP level 4. HP: 45/45 MP: 3/3
  1592 | D:2      | Noticed Robin
  1599 | D:2      | Killed Robin
  1599 | D:2      | Reached skill level 4 in Unarmed Combat
  1739 | D:3      | Reached XP level 5. HP: 52/53 MP: 4/4
  1818 | D:3      | Noticed Sigmund
  1839 | D:3      | Killed Sigmund
  1839 | D:3      | Reached skill level 5 in Unarmed Combat
  1839 | D:3      | Reached XP level 6. HP: 37/62 MP: 5/5
  2004 | D:3      | Reached skill level 6 in Unarmed Combat
  2616 | D:4      | Reached XP level 7. HP: 70/70 MP: 6/6
  2652 | D:4      | Found a burning altar of Makhleb.
  2729 | D:4      | Became a worshipper of Makhleb the Destroyer
  2793 | D:4      | Found a sparkling altar of Nemelex Xobeh.
  2932 | D:4      | Found a corrupted altar of Lugonu.
  2943 | D:4      | Found Vewutaan's Antique Weapon Shop.
  3058 | D:5      | Entered Level 5 of the Dungeon
  3059 | D:5      | Noticed Prince Ribbit
  3082 | D:5      | Killed Prince Ribbit
  3082 | D:5      | Reached skill level 7 in Unarmed Combat
  3082 | D:5      | Reached skill level 1 in Invocations
  3173 | D:5      | Reached skill level 5 in Fighting
  3173 | D:5      | Reached XP level 8. HP: 59/80 MP: 8/8
  3246 | D:5      | Reached skill level 8 in Unarmed Combat
  3529 | D:5      | Found Kiorom's Antique Armour Shoppe.
  3532 | D:5      | Bought an embroidered scarf for 240 gold pieces
  3532 | D:5      | Bought a runed shield for 225 gold pieces
  3739 | D:5      | Noticed Duvessa
  3739 | D:5      | Noticed Dowan
  3756 | D:5      | Killed Duvessa
  3758 | D:5      | Killed Dowan
  3758 | D:5      | Reached skill level 9 in Unarmed Combat
  3915 | D:6      | Noticed Eustachio
  3922 | D:6      | Killed Eustachio
  3922 | D:6      | Reached XP level 9. HP: 68/89 MP: 11/11
  4026 | D:6      | Found a white marble altar of Elyvilon.
  4044 | D:6      | Reached * piety under Makhleb
  4116 | D:6      | Found an opulent altar of Gozag.
  4761 | D:6      | Found a runed door.
  4765 | D:6      | Noticed Crazy Yiuf
  4769 | D:6      | Killed Crazy Yiuf
  4832 | D:7      | Found a shattered altar of Ashenzari.
  4922 | D:7      | Reached skill level 5 in Invocations
  4922 | D:7      | Killed from afar by an orc priest

Skill      XL: |  1  2  3  4  5  6  7  8  9 |
---------------+----------------------------+-----
Unarmed Combat | 3 4 5 6 7 9 |  9.9
Fighting       | 3 4 5 6 |  6.1
Invocations    | 2 4 5 |  5.0
Dodging        | |  2.4
Shields        | |  2.0

Action                   |  1- 3 |  4- 6 |  7- 9 || total
-------------------------+-------+-------+-------++-------
Melee: Unarmed           |   124 |   165 |   257 ||   546
  Eat: Chunk             |    14 |     7 |    12 ||    33
Armor: Skin              |    70 |    54 |    86 ||   210
Dodge: Dodged            |    56 |    74 |    53 ||   183
Block: Shield            |    71 |    70 |   108 ||   249
